 Dungeon Crawl Stone Soup version 0.26.1-11-gd32895ea62 (webtiles) character file.

Game seed: 6733962713731605763

299766 porpoise the Peltast (level 21, 0/148 HPs)
             Began as a Halfling Wanderer on July 21, 2021.
             Was an Elder of Okawaru.
             Hit by a silver javelin thrown by a merfolk javelineer (7 damage)
             ... on level 4 of the Shoals on July 29, 2021.
             The game lasted 05:03:33 (67300 turns).

porpoise the Peltast (Halfling Wanderer)           Turns: 67300, Time: 05:03:34

Health: 0/148      AC: 45    Str: 28    XL:     21   Next: 90%
Magic:  23/27      EV: 21    Int: 11    God:    Okawaru [****..]
Gold:   4602       SH: 21    Dex: 16    Spells: 17/20 levels left

rFire    + + .     SeeInvis +   a - +7 scimitar "Wyited" {elec, rN+ Stlth+}
rCold    + + .     Faith    +   g - +1 kite shield {reflect}
rNeg     + + .     Spirit   .   y - +9 scales of the Dragon King {rPois rF+ rC+ Will+}
rPois    +         Reflect  +   Q - +2 hat {Will+}
rElec    .         Harm     .   u - +1 cloak {rCorr}
rCorr    +         Rampage  .   R - +2 pair of gloves {archery}
Will     +++++                  N - +0 pair of boots "Seskutsifa" {rC+ Str+4}
Stlth    ..........             F - amulet of faith
HPRegen  0.34/turn              C - ring of Rity {*Drain +Fly rN+ Will+++ SInv}
MPRegen  0.20/turn              i - ring of Wiseyd {+Inv rF+ Str+4 Stlth+}

@: heroism, finesse, very slow
A: small, icy blue scales 1, mutation resistance 1, sturdy frame 1
}: 2/15 runes: serpentine, barnacled
a: Renounce Religion, Evoke Invisibility, Evoke Flight, Heroism


You were on level 4 of the Shoals.
You worshipped Okawaru.
Okawaru was greatly pleased with you.
You visited 7 branches of the dungeon, and saw 35 of its levels.
You also visited: Sewer.

You collected 6795 gold pieces.
You spent 2193 gold pieces at shops.

Inventory:

Hand Weapons
 a - the +7 scimitar "Wyited" (weapon) {elec, rN+ Stlth+}
   (You found it on level 4 of the Shoals)

   Occasionally, upon striking a foe, it can discharge electrical energy and
   cause terrible harm.
   It protects you from negative energy.
   It makes you more stealthy.
 b - a +6 vorpal hunting sling
 w - the +7 short sword of True Grit {antimagic, Str+8}
   (You took it off a deep elf mage on level 3 of the Elven Halls)

   It reduces the magical energy of the wielder, and disrupts the spells and
   magical abilities of those hit.
   Natural abilities and divine invocations are not affected.
   It affects your strength (+8).
 I - a +4 scimitar of flaming
 J - the +4 hunting sling of Desertification {venom, rF- Str+3 Int+2 Stlth+}
   (Okawaru gifted it to you on level 4 of the Shoals)

   It poisons the ammo it fires.
   It affects your strength (+3).
   It affects your intelligence (+2).
   It makes you vulnerable to fire.
   It makes you more stealthy.
Missiles
 d - 112 stones
 f - 326 sling bullets
 n - 54 boomerangs (quivered)
 p - 12 curare-tipped darts
 z - 5 throwing nets
Armour
 g - a +1 kite shield of reflection (worn)
 u - a +1 cloak of preservation (worn)
 y - the +9 scales of the Dragon King (worn) {rPois rF+ rC+ Will+}
   (You found it on level 7 of the Dungeon)

   It protects you from fire.
   It protects you from cold.
   It protects you from poison.
   It affects your willpower, your defense against some magical effects.
 N - the +0 pair of boots "Seskutsifa" (worn) {rC+ Str+4}
   (Okawaru gifted it to you on level 4 of the Lair of Beasts)

   It affects your strength (+4).
   It protects you from cold.
 Q - a +2 hat of willpower (worn)
 R - a +2 pair of gloves of archery (worn)
Jewellery
 i - the ring of Wiseyd (right hand) {+Inv rF+ Str+4 Stlth+}
   (You took it off a deep elf mage on level 3 of the Elven Halls)

   [ring of stealth]

   It affects your strength (+4).
   It protects you from fire.
   It lets you turn invisible.
   It makes you more stealthy.
 C - the ring of Rity (left hand) {*Drain +Fly rN+ Will+++ SInv}
   (You found it on level 4 of the Lair of Beasts)

   [ring of flight]

   It protects you from negative energy.
   It affects your willpower, your defense against some magical effects.
   It lets you see invisible.
   It lets you fly.
   It causes draining when unequipped.
 F - an amulet of faith (around neck)
Wands
 c - a wand of paralysis (15)
 k - a wand of iceblast (18)
 q - a wand of digging (20)
 A - a wand of disintegration (4)
 L - a wand of acid (27)
 S - a wand of enslavement (22)
 U - a wand of flame (54)
Scrolls
 e - a scroll of vulnerability
 h - 2 scrolls of fear
 j - 10 scrolls of fog
 l - 10 scrolls of teleportation
 o - 16 scrolls of identify
 r - 4 scrolls of blinking
 t - a scroll of summoning
 v - a scroll of silence
 V - 12 scrolls of remove curse
 X - 2 scrolls of magic mapping
Potions
 m - 8 potions of curing
 x - a potion of resistance
 B - 3 potions of lignification
 E - 5 potions of cancellation
 G - 8 potions of heal wounds
 M - a potion of ambrosia
 W - 6 potions of haste
Miscellaneous
 s - a tin of tremorstones (2/2)
 D - a lightning rod (4/4)
 H - a condenser vane
 P - a phantom mirror
 Y - a box of beasts


   Skills:
 - Level 14.0(19.0) Fighting
 - Level 5.2(17.0) Short Blades
 - Level 13.9(19.2) Long Blades
 - Level 1.0(6.0) Maces & Flails
 - Level 12.0(17.0) Slings
 - Level 16.3(21.3) Armour
 - Level 12.0(17.0) Dodging
 - Level 2.1(7.1) Stealth
 + Level 20.8(25.8) Shields
 - Level 9.0 Invocations
 - Level 9.0 Evocations


You had 17 spell levels left.
You knew the following spells:

 Your Spells              Type           Power        Failure   Level
p - Portal Projectile     Hex/Tloc       0%           100%        3

Your spell library contained the following spells:

 Spells                   Type           Power        Failure   Level
 Animate Skeleton         Necr           0%           94%         1
 Apportation              Tloc           0%           94%         1
 Beastly Appendage        Tmut           0%           94%         1
 Corona                   Hex            0%           94%         1
 Foxfire                  Conj/Fire      0%           94%         1
 Freeze                   Ice            0%           94%         1
 Magic Dart               Conj           0%           94%         1
 Pain                     Necr           0%           94%         1
 Sandblast                Erth           0%           94%         1
 Shock                    Conj/Air       0%           94%         1
 Summon Small Mammal      Summ           0%           94%         1
 Ensorcelled Hibernation  Hex/Ice        0%           98%         2
 Passwall                 Tmut/Erth      0%           98%         2
 Searing Ray              Conj           0%           98%         2
 Sublimation of Blood     Necr           0%           98%         2
 Swiftness                Air            0%           98%         2
 Wereblood                Tmut           0%           98%         2
 Confusing Touch          Hex            0%           100%        3
 Conjure Flame            Conj/Fire      0%           100%        3
 Dazzling Flash           Conj/Hex       0%           100%        3
 Frozen Ramparts          Ice            0%           100%        3
 Gell's Gravitas          Tloc           0%           100%        3
 Inner Flame              Hex/Fire       0%           100%        3
 Lesser Beckoning         Tloc           0%           100%        3
 Ozocubu's Armour         Ice            0%           100%        3
 Spider Form              Tmut/Pois      0%           100%        3
 Static Discharge         Conj/Air       0%           100%        3
 Stone Arrow              Conj/Erth      0%           100%        3
 Tukima's Dance           Hex            0%           100%        3
 Vampiric Draining        Necr           0%           100%        3
 Airstrike                Air            0%           100%        4
 Animate Dead             Necr           0%           100%        4
 Fulminant Prism          Conj/Hex       0%           100%        4
 Hailstorm                Conj/Ice       0%           100%        4
 Ice Form                 Ice/Tmut       0%           100%        4
 Iskenderun's Mystic Bla  Conj/Tloc      0%           100%        4
 Leda's Liquefaction      Hex/Erth       0%           100%        4
 Passage of Golubria      Tloc           N/A          100%        4
 Petrify                  Tmut/Erth      0%           100%        4
 Sticky Flame             Conj/Fire      0%           100%        4
 Summon Ice Beast         Ice/Summ       0%           100%        4
 Summon Lightning Spire   Summ/Air       0%           100%        4
 Agony                    Necr           0%           100%        5
 Alistair's Intoxication  Tmut/Pois      0%           100%        5
 Blade Hands              Tmut           0%           100%        5
 Bolt of Magma            Conj/Fire/Erth 0%           100%        5
 Fireball                 Conj/Fire      0%           100%        5
 Lee's Rapid Deconstruct  Erth           0%           100%        5
 Lightning Bolt           Conj/Air       0%           100%        5
 Silence                  Hex/Air        0%           100%        5
 Summon Demon             Summ           0%           100%        5
 Summon Forest            Summ/Tloc      0%           100%        5
 Summon Mana Viper        Hex/Summ       0%           100%        5
 Conjure Ball Lightning   Conj/Air       0%           100%        6
 Death Channel            Necr           0%           100%        6
 Dispersal                Tloc           0%           100%        6
 Invisibility             Hex            0%           100%        6
 Iron Shot                Conj/Erth      0%           100%        6
 Shadow Creatures         Summ           N/A          100%        6
 Statue Form              Tmut/Erth      0%           100%        6
 Summon Hydra             Summ           0%           100%        7
 Chain Lightning          Conj/Air       0%           100%        8
 Disjunction              Tloc           0%           100%        8
 Lehudib's Crystal Spear  Conj/Erth      0%           100%        8
 Absolute Zero            Ice            0%           100%        9
 Fire Storm               Conj/Fire      0%           100%        9
 Shatter                  Erth           0%           100%        9
 Tornado                  Air            0%           100%        9


Dungeon Overview and Level Annotations

Branches:
Dungeon (15/15)            Temple (1/1) D:5            Lair (6/6) D:8
 Shoals (4/4) Lair:4        Snake (4/4) Lair:2        Slime (0/5) Lair:6
    Orc (2/2) D:9             Elf (3/3) Orc:2        Vaults (0/5) D:13
 Depths (0/5) D:15          Sewer (visited)

Altars:
Ashenzari
Cheibriados
Dithmenos
Elyvilon
Fedhas
Gozag
Hepliaklqana
Kikubaaqudgha
Makhleb
Nemelex Xobeh
Okawaru
Qazlal
Ru
Sif Muna
Trog
Uskayaw
Vehumet
Wu Jian
Xom
Yredelemnul
Zin
The Shining One
Beogh
Jiyva

Shops:
D:5 *([   D:9 *   D:12 !?   Orc:1 [   Orc:2 *:[(   Elf:3 }   Shoals:1 :
Snake:1 }=}   Snake:4 *

Annotations:
D:5 1 runed translucent door, Crazy Yiuf
D:9 exclusion: obsidian statue
D:14 2 transporters, ubername's ghost, journeyman BaIE
Lair:4 2 transporters, exclusion: ice statue, Daudd's ghost, journeyman DDBe; Qaduevar's ghost, journeyman GrFE
Lair:6 3 runed translucent doors, Eryximachus's ghost, journeyman OpBr
Snake:2 2 runed translucent doors, Soawkar's ghost, adept GrFi
Elf:1 6 runed translucent doors 2x SD, 2x FD
Elf:2 exclusions: 5 doors and 2 ice statues


Innate Abilities, Weirdness & Mutations

You are small and have problems with some larger weapons.
You are somewhat resistant to further mutation.
You are partially covered in icy blue scales. (AC +2)
Your movements are slightly less encumbered by armour. (ER -2)


Message History

* * * LOW HITPOINT WARNING * * *
You hear a splash.
Aiming: Disintegrate
Press: ? - help, Shift-Dir - straight line, f/p - merfolk javelineer
Aim: a merfolk javelineer, wielding a +3 spear of freezing, wearing a +0 leather armour and quivering 12 silver javelins (moderately wounded, covered in acid, chance to affect: 63%)
The merfolk javelineer resists with significant effort.
The merfolk javelineer throws a silver javelin.
The silver javelin pierces through you but does no damage.
The silver sears you!
* * * LOW HITPOINT WARNING * * *
You hear a splash.
Blink to where?
Press: ? - help, Dir - move target, p - merfolk javelineer Splash!
As you read the scroll of blinking, it crumbles to dust.
The merfolk javelineer throws a silver javelin.
The silver javelin pierces through you!!
* * * LOW HITPOINT WARNING * * *
The silver sears you!
You die...

#######################
≈≈≈≈≈≈≈≈≈≈≈≈≈≈≈≈≈≈≈≈≈≈≈≈≈≈≈≈≈≈≈
≈≈≈≈≈≈≈≈≈≈≈≈≈≈≈≈≈≈≈≈≈≈≈≈≈≈≈≈≈≈≈
≈≈≈≈≈≈≈≈≈≈≈≈≈≈≈≈≈≈≈≈≈≈≈≈≈≈≈≈≈≈≈
≈≈≈≈≈≈≈≈≈≈≈≈≈≈≈≈≈≈≈≈≈≈≈≈≈≈≈≈≈≈≈
≈≈≈≈≈≈≈≈≈≈≈≈≈≈≈≈≈≈≈≈≈≈≈≈≈≈≈≈≈≈≈
≈≈≈≈≈≈≈≈≈≈≈≈≈≈≈≈@≈≈≈≈≈≈≈≈≈≈≈≈≈≈
≈≈≈≈≈≈≈≈≈≈≈≈≈≈≈.≈#≈#≈≈§≈≈≈≈≈≈≈≈
≈≈≈≈≈≈≈≈≈≈≈≈≈...#######m≈≈≈≈≈≈≈
≈≈≈≈≈≈≈≈≈≈≈≈...## #m(#≈≈≈≈≈≈≈#
≈≈≈≈≈≈≈≈≈≈≈≈...#...≈≈≈t##≈≈≈≈≈≈#
≈≈≈≈.≈≈≈≈≈≈...≈##.#.#.## ≈≈≈≈≈≈#
)≈≈≈≈≈≈≈≈≈≈...≈# ≈. ≈≈ ≈≈≈≈≈≈#
)≈≈≈≈≈≈≈≈≈≈...≈#.. .#. .≈≈≈≈≈#
...≈≈≈≈≈≈......#. .≈.. .≈≈≈≈≈#


You could see a merfolk javelineer (corroded).

Vanquished Creatures
  Bai Suzhen (Snake:3)
  Vashnia (Snake:4)
  Rupert (Orc:2)
  Jorgrun (Elf:2)
  3 deep elf blademasters
  2 deep elf master archers (Elf:3)
  A kraken (Shoals:1)
  Frances (D:12)
  Agnes (Snake:3)
  Gastronok (D:8)
  A storm dragon (D:12)
  Donald (Orc:2)
  Roxanne (Snake:3)
  14 nagarajas
  5 deep elf sorcerers
  2 frost giants
  An orc warlord (Orc:1)
  2 deep elf elementalists
  A war gargoyle (D:12)
  A vampire knight (D:12)
  6 deep elf demonologists
  Nessos (Lair:4)
  5 deep elf annihilators (Elf:3)
  7 deep elf death magi (Elf:3)
  5 merfolk javelineers
  An ettin (D:13)
  The ghost of Grorgnorb the Destroyer, a journeyman OpCj of Vehumet (Lair:3)
  5 deep elf high priests
  11 merfolk impalers
  Harold (D:8)
  11 naga warriors
  Erolcha (D:12)
  A yaktaur captain (D:13)
  12 hydras
  3 boulder beetles
  Erica (D:9)
  3 centaur warriors
  4 merfolk aquamancers
  8 anacondas
  3 merfolk avatars
  3 satyrs
  2 alligator snapping turtles
  2 two-headed ogres (D:10)
  3 tengu warriors (D:15)
  The ghost of Eryximachus the Fighter, a novice DsAr of Gozag (D:8)
  26 dancing weapons
  3 orc high priests
  23 naga sharpshooters
  3 shock serpents
  15 deep elf knights
  Nergalle (D:12)
  A small abomination (Elf:3)
  23 sea snakes
  A salamander mystic (Snake:3)
  2 flayed ghosts (D:12)
  12 deep elf archers
  14 harpies
  Pikel (Temple)
  An orb spider (shapeshifter) (D:12)
  7 naga ritualists
  2 lindwurms
  6 orc knights
  10 manticores
  51 deep elf magi
  2 wolf spider zombies
  7 salamanders
  6 ugly things (D:14)
  11 mana vipers
  2 orc sorcerers
  A wolf spider (D:12)
  9 fauns
  A cyclops (Shoals:4)
  Joseph (D:7)
  12 elephants
  3 guardian serpents
  7 water nymphs
  Psyche (D:9)
  Maurice (D:13)
  35 black mambas
  32 naga magi
  4 merfolk sirens
  A torpor snail (Lair:6)
  Maggie (D:6)
  14 cane toads
  5 rime drakes
  A yaktaur (D:15)
  3 efreet
  2 kobold demonologists
  A komodo dragon (shapeshifter) (D:15)
  17 komodo dragons
  28 merfolk
  10 polar bears
  A troll (shapeshifter) (D:12)
  A harpy zombie (D:12)
  A jumping spider (shapeshifter) (D:12)
  2 hornets
  6 trolls
  9 wind drakes
  10 blink frogs
  A meliai (shapeshifter) (D:13)
  2 dream sheep (Shoals:4)
  6 snapping turtles
  2 dream sheep (shapeshifter) (D:12)
  58 yaks
  2 shadows
  3 air elementals
  9 water elementals
  A wraith (D:13)
  Eustachio (D:4)
  9 wyverns
  2 vampires
  A golden eye (shapeshifter) (D:13)
  3 fire elementals
  2 basilisks
  3 wargs
  Menkaure (D:7)
  25 water moccasins
  40 nagas
  3 acid dragons
  2 soldier ants
  A hornet zombie (D:7)
  32 orc warriors
  6 ice beasts
  A black bear (D:7)
  A necrophage (D:9)
  3 sky beasts
  10 ogres
  2 phantoms
  13 centaurs
  4 boggarts (Lair:4)
  9 wolves
  3 lemures (Temple)
  Blork the orc (D:3)
  7 big kobolds
  21 bullfrogs
  A wyvern zombie (D:12)
  2 earth elementals
  A gnoll sergeant (D:9)
  3 scorpions
  A water moccasin skeleton (D:7)
  18 killer bees
  37 wights
  2 vampire bats (Lair:6)
  3 howler monkeys
  5 electric eels
  A jelly (D:12)
  2 centaur zombies
  13 orc priests
  A bullfrog skeleton (D:6)
  A gnoll shaman (D:4)
  7 hounds
  4 centaur skeletons
  7 iguanas
  15 orc wizards
  Ijyb (D:4)
  10 worker ants
  2 hound skeletons (D:7)
  Robin (D:2)
  10 gnolls
  18 adders
  4 shadow imps
  A white imp (D:6)
  2 ufetubi (D:10)
  8 oozes (Sewer)
  6 worms
  3 dart slugs
  11 leopard geckos
  94 orcs
  15 ball pythons
  18 giant cockroaches
  13 goblins
  8 hobgoblins
  6 quokkas
  11 bats
  12 frilled lizards
  16 kobolds
  A leopard gecko zombie (D:9)
  A quokka skeleton (D:4)
  6 rats
  A crawling corpse (Elf:3)
  4 tentacles (Shoals:1)
1290 creatures vanquished.

Vanquished Creatures (others)
  A deep elf knight (Elf:3)
  A deep elf mage (Elf:3)
  A water elemental (D:11)
  A naga (Snake:1)
  2 orcs
  37 fungi
  154 plants
  4 tentacles (Shoals:1)
201 creatures vanquished.

Grand Total: 1491 creatures vanquished

Notes
Turn   | Place    | Note
-------+----------+-------------------------------------------
     0 | D:1      | porpoise the Halfling Wanderer began the quest for the Orb.
     0 | D:1      | porpoise set off with the following items: a +0 club, a
                  | scroll of teleportation, a potion of curing, a +2 scale
                  | mail, a +0 dagger
     0 | D:1      | Reached XP level 1. HP: 13/13 MP: 1/1
   127 | D:1      | Reached skill level 1 in Slings
   127 | D:1      | Reached XP level 2. HP: 13/18 MP: 2/2
   504 | D:1      | Reached XP level 3. HP: 24/24 MP: 3/3
   909 | D:2      | Found a faded altar of an unknown god.
  1310 | D:2      | Reached XP level 4. HP: 30/30 MP: 4/4
  1420 | D:2      | Noticed Robin
  1432 | D:2      | Killed Robin
  2127 | D:3      | Found a radiant altar of Vehumet.
  2193 | D:3      | Reached XP level 5. HP: 32/36 MP: 5/5
  2629 | D:3      | Noticed a big kobold
  2642 | D:3      | Killed a big kobold
  2643 | D:3      | Reached skill level 5 in Slings
  2643 | D:3      | Reached XP level 6. HP: 39/42 MP: 6/6
  2783 | D:3      | Found a blossoming altar of Fedhas.
  3079 | D:4      | Noticed Blork the orc
  3091 | D:3      | Killed Blork the orc
  3215 | D:4      | Found a glowing drain.
  3268 | Sewer    | Entered a sewer
  3354 | Sewer    | Reached XP level 7. HP: 48/48 MP: 7/7
  3927 | Sewer    | Reached skill level 5 in Fighting
  4125 | D:4      | Noticed Eustachio
  4163 | D:4      | Killed Eustachio
  4164 | D:4      | Reached XP level 8. HP: 23/56 MP: 8/8
  4522 | D:4      | Noticed Ijyb
  4532 | D:4      | Killed Ijyb
  4946 | D:5      | Entered Level 5 of the Dungeon
  4946 | D:5      | Found a staircase to the Ecumenical Temple.
  4955 | D:5      | Reached skill level 2 in Shields
  4975 | Temple   | Entered the Ecumenical Temple
  5131 | Temple   | Became a worshipper of Warmaster Okawaru
  5194 | D:5      | Noticed Pikel
  5226 | Temple   | Killed Pikel
  5227 | Temple   | Reached skill level 4 in Shields
  5343 | D:5      | Reached skill level 1 in Invocations
  5343 | D:5      | Reached XP level 9. HP: 45/64 MP: 9/9
  5476 | D:5      | Found Livyedocur's Armour Emporium.
  5494 | D:5      | Found Soestrasse's Weapon Shop.
  5884 | D:5      | Found Mogoduwed's General Store.
  5956 | D:5      | Found a runed translucent door.
  5957 | D:5      | Noticed Crazy Yiuf
  6225 | D:6      | Reached skill level 5 in Armour
  8547 | D:6      | Reached * piety under Okawaru
  8548 | D:6      | Reached skill level 1 in Long Blades
  9151 | D:7      | Noticed Maggie
  9306 | D:7      | Noticed Menkaure
  9316 | D:6      | HP: 2/65 [Maggie/bolt of fire (16)]
  9322 | D:6      | HP: 3/65 [Maggie/+0 morningstar (1)]
  9739 | D:6      | Killed Maggie
 10144 | D:7      | Killed Menkaure
 10183 | D:7      | Reached ** piety under Okawaru
 10184 | D:7      | Reached XP level 10. HP: 39/73 MP: 12/12
 10461 | D:7      | Found the +9 scales of the Dragon King {rPois rF+ rC+
                  | Will+}
 10532 | D:7      | Reached skill level 5 in Long Blades
 10616 | D:7      | Found a shimmering altar of Xom.
 10643 | D:7      | Noticed Joseph
 10650 | D:7      | Reached skill level 1 in Dodging
 10663 | D:7      | Killed Joseph
 10663 | D:7      | Reached *** piety under Okawaru
 11172 | D:8      | Found a staircase to the Lair.
 11228 | D:8      | You fall into a shaft and drop 3 floors!
 11364 | D:11     | Reached skill level 5 in Dodging
 11400 | D:10     | Entered Level 10 of the Dungeon
 11446 | D:10     | Reached **** piety under Okawaru
 11535 | D:9      | Reached XP level 11. HP: 48/80 MP: 13/13
 11982 | D:8      | Noticed Gastronok
 12004 | D:8      | Killed Gastronok
 12004 | D:8      | Received a gift from Okawaru
 12420 | D:8      | Noticed Harold
 12461 | D:8      | Killed Harold
 12461 | D:8      | Reached ***** piety under Okawaru
 12684 | D:8      | Found an opulent altar of Gozag.
 12685 | D:8      | Found a glowing silver altar of Zin.
 12791 | D:8      | Found a runed translucent gate.
 12791 | D:8      | Found a runed translucent gate.
 12791 | D:8      | Found a runed translucent gate.
 12791 | D:8      | Noticed Eryximachus's ghost (novice DsAr)
 12791 | D:8      | Identified the +9 whip of Welfare {venom, *Rage rF+ Str+4}
 12825 | D:8      | Got a steaming spear
 12860 | D:8      | Killed Eryximachus's ghost
 12861 | D:8      | Reached skill level 5 in Evocations
 12900 | D:8      | Received a gift from Okawaru
 13389 | D:9      | Noticed an obsidian statue
 13721 | D:9      | Found a roughly hewn altar of Beogh.
 13724 | D:9      | Found a staircase to the Orcish Mines.
 13944 | D:9      | Noticed Psyche
 13957 | D:9      | Killed Psyche
 13958 | D:9      | Reached skill level 10 in Slings
 13958 | D:9      | Reached XP level 12. HP: 85/85 MP: 13/15
 14065 | D:9      | Reached skill level 5 in Invocations
 14070 | D:9      | Found Becvag's Lightly-Used Armoury.
 14153 | D:9      | Noticed Erica
 14171 | D:9      | Killed Erica
 14734 | D:10     | Identified the +4 spear "Acum" {vamp, Int+2 SInv} (You
                  | found it on level 8 of the Dungeon)
 14791 | D:10     | Noticed a two-headed ogre
 14804 | D:10     | Killed a two-headed ogre
 14825 | D:10     | Received a gift from Okawaru
 15219 | D:10     | Noticed a two-headed ogre
 15230 | D:10     | Killed a two-headed ogre
 16543 | D:12     | Noticed a boulder beetle
 16582 | D:12     | Killed a boulder beetle
 16582 | D:12     | Received a gift from Okawaru
 16661 | D:12     | Found Noile's Magic Scroll Shop.
 16777 | D:12     | Noticed Erolcha
 16794 | D:12     | Killed Erolcha
 17003 | D:12     | Reached XP level 13. HP: 69/90 MP: 18/18
 17030 | D:12     | Noticed a six-headed hydra
 17044 | D:12     | Killed a two-headed hydra
 17248 | D:12     | Noticed Nergalle
 17272 | D:12     | Killed Nergalle
 17289 | D:12     | Reached skill level 10 in Armour
 17735 | D:12     | Noticed Frances
 17754 | D:12     | HP: 2/90 [Frances/iron shot (50)]
 17758 | D:12     | Killed Frances
 17758 | D:12     | Received a gift from Okawaru
 17759 | D:12     | Reached skill level 10 in Long Blades
 18181 | D:12     | Found Beith's Distillery.
 18184 | D:12     | Bought a potion of heal wounds for 75 gold pieces
 18478 | Lair:1   | Entered Level 1 of the Lair of Beasts
 18483 | Lair:1   | Found a shimmering altar of Xom.
 18568 | Lair:1   | Received a gift from Okawaru
 18953 | Lair:1   | Noticed a five-headed hydra
 18969 | Lair:1   | Killed a one-headed hydra
 19731 | Lair:1   | Got a twisted flail
 20217 | Lair:2   | Found a staircase to the Snake Pit.
 21654 | Lair:3   | Identified a scroll of acquirement
 21656 | Lair:3   | Acquired 544 gold pieces
 21862 | Lair:3   | Found a runed translucent gate.
 21862 | Lair:3   | Found a runed translucent gate.
 21862 | Lair:3   | Found a runed translucent gate.
 21863 | Lair:3   | Noticed Grorgnorb's ghost (journeyman OpCj)
 21878 | Lair:3   | Killed Grorgnorb's ghost
 22859 | Lair:4   | Noticed a four-headed hydra
 22875 | Lair:4   | Killed a one-headed hydra
 22876 | Lair:4   | Reached XP level 14. HP: 79/97 MP: 19/19
 23444 | Lair:4   | Received a gift from Okawaru
 23493 | Lair:4   | Reached skill level 5 in Shields
 23630 | Lair:4   | Found a staircase to the Shoals.
 23789 | Lair:4   | Noticed Nessos
 23807 | Lair:4   | Killed Nessos
 23808 | Lair:4   | Reached skill level 6 in Shields
 23889 | Lair:4   | Found a transporter.
 23946 | Lair:4   | Noticed Qaduevar's ghost (journeyman GrFE)
 23958 | Lair:4   | Noticed Daudd's ghost (journeyman DDBe)
 23994 | Lair:4   | Got a flickering steel ring
 23996 | Lair:4   | Identified the ring of Rity {*Drain +Fly rN+ Will+++ SInv}
                  | (You found it on level 4 of the Lair of Beasts)
 24029 | Lair:4   | Found a transporter.
 24039 | Lair:4   | Received a gift from Okawaru
 24071 | Lair:4   | Received a gift from Okawaru
 24431 | Lair:4   | Got a pair of distressingly furry boots {god gift}
 24442 | Lair:4   | Identified the +0 pair of boots "Seskutsifa" {rC+ Str+4}
                  | (Okawaru gifted it to you on level 4 of the Lair of Beasts)
 24461 | Lair:4   | Reached skill level 7 in Shields
 26400 | D:13     | Found a huge runed gate.
 26400 | D:13     | Found a huge runed gate.
 26400 | D:13     | Found a huge runed gate.
 26400 | D:13     | Found a huge runed gate.
 26400 | D:13     | Found a huge runed gate.
 26400 | D:13     | Found a huge runed gate.
 26400 | D:13     | Found a huge runed gate.
 26400 | D:13     | Found a huge runed gate.
 26400 | D:13     | Found a huge runed gate.
 26400 | D:13     | Found a huge runed gate.
 26415 | D:13     | Found a huge runed gate.
 26415 | D:13     | Found a huge runed gate.
 26415 | D:13     | Found a huge runed gate.
 26439 | D:13     | Found a huge runed gate.
 26439 | D:13     | Found a huge runed gate.
 26680 | D:13     | Found a huge runed gate.
 26680 | D:13     | Found a huge runed gate.
 27055 | D:13     | Noticed Maurice
 27095 | D:13     | Killed Maurice
 27095 | D:13     | Received a gift from Okawaru
 27417 | D:13     | Found a huge runed gate.
 27417 | D:13     | Found a huge runed gate.
 27417 | D:13     | Found a huge runed gate.
 27470 | D:13     | Found a huge runed gate.
 27470 | D:13     | Found a huge runed gate.
 27470 | D:13     | Found a huge runed gate.
 27475 | D:13     | Found a huge runed gate.
 28108 | D:13     | Found a gate to the Vaults.
 28244 | D:13     | Noticed a vampire knight
 28244 | D:13     | Noticed a storm dragon
 28245 | D:13     | Noticed a war gargoyle
 28445 | D:12     | Reached XP level 15. HP: 31/101 MP: 20/20
 28464 | D:12     | Killed a war gargoyle
 28836 | D:12     | Killed a storm dragon
 29292 | D:12     | Reached skill level 10 in Dodging
 30205 | D:13     | Got a coiled golden ring
 30212 | D:13     | Got a pair of bloodstained gloves
 30223 | D:13     | Identified the cursed +0 pair of gloves of Laygg {*Contam
                  | Rampage rF+ Will+} (You found it on level 13 of the
                  | Dungeon)
 30224 | D:13     | Identified the ring "Muhus" {Int+6 Dex+6} (You found it on
                  | level 13 of the Dungeon)
 30358 | D:14     | You fall into a shaft and drop 1 floor!
 30358 | D:15     | Entered Level 15 of the Dungeon
 30491 | D:15     | Received a gift from Okawaru
 30634 | D:14     | Received a gift from Okawaru
 31475 | D:14     | Identified the ring of Absolutism {+Fly rC- Slay+3 Stlth-}
 31505 | D:14     | You fall into a shaft and drop 1 floor!
 31605 | D:14     | Noticed ubername's ghost (journeyman BaIE)
 31607 | D:14     | Found a transporter.
 31688 | D:14     | Found a transporter.
 31847 | D:15     | Received a gift from Okawaru
 32344 | D:15     | Reached skill level 8 in Shields
 32667 | D:15     | Received a gift from Okawaru
 32785 | D:15     | Got a pair of ancient boots {god gift}
 32796 | D:15     | Identified the +5 pair of boots "Geemiukh" {+Fly} (Okawaru
                  | gifted it to you on level 15 of the Dungeon)
 32828 | D:15     | Noticed a frost giant
 32838 | D:15     | Killed a frost giant
 32968 | D:15     | Found a staircase to the Depths.
 33372 | Lair:6   | Entered Level 6 of the Lair of Beasts
 33503 | Lair:6   | Got a smoking ring mail
 33520 | Lair:5   | Identified the +0 ring mail "Iryero" {*Drain rN+ rCorr}
                  | (You found it on level 6 of the Lair of Beasts)
 34053 | Lair:6   | Reached skill level 10 in Fighting
 34151 | Lair:6   | Reached XP level 16. HP: 99/100 MP: 21/21
 34158 | Lair:6   | Reached skill level 9 in Shields
 34554 | Lair:6   | Found a viscous altar of Jiyva.
 34554 | Lair:6   | Found a staircase to the Slime Pits.
 34556 | Lair:6   | Noticed Eryximachus's ghost (journeyman OpBr)
 34625 | Lair:6   | Got an ancient chain mail
 34706 | Lair:6   | Identified the +7 chain mail of the Hart {*Contam *Drain
                  | rPois MP+9} (You found it on level 6 of the Lair of Beasts)
 34770 | Lair:6   | Received a gift from Okawaru
 34905 | Lair:6   | Identified Vequxz Zuzu's Disquisition on Flames and
                  | Darkness
 35037 | Lair:6   | Reached skill level 10 in Shields
 35255 | Lair:6   | Found a runed translucent gate.
 35256 | Lair:6   | Found a runed translucent gate.
 35257 | Lair:6   | Found a runed translucent gate.
 35393 | Lair:6   | Got a warped dagger
 35842 | Orc:1    | Entered Level 1 of the Orcish Mines
 36381 | Orc:1    | Found Mimmod's Antique Armour Boutique.
 36531 | Orc:2    | Entered Level 2 of the Orcish Mines
 36531 | Orc:2    | Found Hepaygath's Antique Weapon Emporium.
 37031 | Orc:1    | Reached skill level 11 in Shields
 37335 | Orc:2    | Received a gift from Okawaru
 37359 | Orc:2    | Noticed Donald
 37371 | Orc:2    | Noticed Rupert
 37382 | Orc:2    | Killed Donald
 37399 | Orc:2    | Killed Rupert
 37399 | Orc:2    | Received a gift from Okawaru
 38082 | Orc:2    | Found Arronopt's General Store.
 38121 | Orc:2    | Found Semijoty's Book Shop.
 38139 | Orc:2    | Found Asarem's Antique Armour Boutique.
 38149 | Orc:2    | Bought a spiked leather armour for 203 gold pieces
 38149 | Orc:2    | Bought a brightly glowing ring mail for 261 gold pieces
 38149 | Orc:2    | Bought a glowing cloak for 217 gold pieces
 38149 | Orc:2    | Identified the cursed +0 leather armour of Prudence
                  | {Stlth+} (You bought it in a shop on level 2 of the Orcish
                  | Mines)
 38151 | Orc:2    | Identified the +3 ring mail "Reliw" {rElec rF++ Str+3} (You
                  | bought it in a shop on level 2 of the Orcish Mines)
 38246 | Orc:2    | Found a staircase to the Elven Halls.
 38547 | Snake:1  | Entered Level 1 of the Snake Pit
 38650 | Lair:2   | Received a gift from Okawaru
 39341 | Lair:2   | Reached skill level 12 in Shields
 39467 | Lair:2   | Reached XP level 17. HP: 106/119 MP: 22/22
 40773 | Snake:1  | Found Ebodd's Gadget Emporium.
 40775 | Snake:1  | Found Hehoasust's Jewellery Shop.
 40777 | Snake:1  | Found Varrisoss's Gadget Emporium.
 40795 | Snake:1  | Bought a tin of tremorstones (2/2) for 600 gold pieces
 40805 | Snake:1  | Bought a wand of acid (11) for 450 gold pieces
 41795 | Snake:2  | Received a gift from Okawaru
 41949 | Snake:2  | Found a large runed translucent door.
 41949 | Snake:2  | Found a large runed translucent door.
 41951 | Snake:2  | Noticed Soawkar's ghost (adept GrFi)
 41965 | Snake:2  | Received a gift from Okawaru
 43155 | Snake:3  | Received a gift from Okawaru
 43831 | Snake:3  | Noticed Agnes
 43850 | Snake:3  | Killed Agnes
 44317 | Snake:3  | Received a gift from Okawaru
 44330 | Snake:3  | Noticed Roxanne
 44357 | Snake:3  | Killed Roxanne
 44575 | Snake:4  | Entered Level 4 of the Snake Pit
 44870 | Snake:4  | Noticed Bai Suzhen
 44929 | Snake:3  | Killed Bai Suzhen
 44934 | Snake:3  | Received a gift from Okawaru
 45032 | Snake:4  | Noticed Vashnia
 45441 | Snake:4  | Reached XP level 18. HP: 89/128 MP: 18/24
 45463 | Snake:4  | Killed Vashnia
 45463 | Snake:4  | Received a gift from Okawaru
 45463 | Snake:4  | Received a gift from Okawaru
 46616 | Snake:4  | Got a pair of spiked boots {god gift}
 47986 | Snake:4  | Received a gift from Okawaru
 48556 | Snake:4  | Identified the +2 pair of boots "Tuiraetala" {-Tele rF+++
                  | Str-5 Dex+5} (Okawaru gifted it to you on level 4 of the
                  | Snake Pit)
 48712 | Snake:4  | Reached skill level 15 in Armour
 48738 | Snake:4  | Received a gift from Okawaru
 49670 | Snake:4  | Received a gift from Okawaru
 49810 | Snake:4  | Got an ichor-stained cloak {god gift}
 49821 | Snake:4  | Identified the +0 cloak "Buamaf" {Harm rF+ Will-} (Okawaru
                  | gifted it to you on level 4 of the Snake Pit)
 50251 | Snake:4  | Found Kenlah's Assorted Antiques.
 50892 | Snake:4  | Bought a scroll of teleportation for 75 gold pieces
 50892 | Snake:4  | Bought a scroll of remove curse for 75 gold pieces
 50892 | Snake:4  | Bought a pair of bloodstained gloves for 237 gold pieces
 50902 | Snake:4  | Identified the cursed -3 pair of gloves of Hauth {rElec}
                  | (You bought it in a shop on level 4 of the Snake Pit)
 50904 | Snake:4  | Gained mutation: You tend to lose your temper in combat.
                  | [mutagenic glow]
 50942 | Snake:4  | Reached XP level 19. HP: 131/136 MP: 22/25
 51231 | Snake:4  | Reached ****** piety under Okawaru
 51627 | Snake:4  | Reached skill level 13 in Shields
 52585 | Snake:4  | Received a gift from Okawaru
 52997 | Snake:4  | Received a gift from Okawaru
 53258 | Snake:4  | Got a serpentine rune of Zot
 53478 | Lair:1   | Lost mutation: You tend to lose your temper in combat.
                  | [potion of mutation]
 53478 | Lair:1   | Gained mutation: You are partially covered in icy blue
                  | scales. (AC +2) [potion of mutation]
 53478 | Lair:1   | Gained mutation: Your movements are slightly less
                  | encumbered by armour. (ER -2) [potion of mutation]
 53574 | Elf:1    | Entered Level 1 of the Elven Halls
 53960 | Elf:1    | Received a gift from Okawaru
 54045 | Elf:1    | Reached skill level 14 in Shields
 55027 | Elf:1    | Found a runed translucent gate.
 55027 | Elf:1    | Found a runed translucent gate.
 55027 | Elf:1    | Found a runed translucent gate.
 55027 | Elf:1    | Found a runed translucent gate.
 55027 | Elf:1    | Found a runed translucent gate.
 55030 | Elf:1    | Found a runed translucent gate.
 55126 | Elf:1    | Found an ancient bone altar of Kikubaaqudgha.
 55302 | Elf:1    | Got a shimmering ring mail
 55303 | Elf:1    | Identified the +5 ring mail "Nammip" {+Blink rElec Dex-5}
                  | (You found it on level 1 of the Elven Halls)
 55336 | Elf:1    | Acquired 1209 gold pieces
 55542 | Elf:2    | Reached skill level 15 in Shields
 55745 | Elf:2    | Found a frozen archway.
 56143 | Elf:2    | Found a huge runed translucent gate.
 56143 | Elf:2    | Found a huge runed translucent gate.
 56143 | Elf:2    | Found a huge runed translucent gate.
 56143 | Elf:2    | Found a huge runed translucent gate.
 56146 | Elf:2    | Found a huge runed translucent gate.
 56212 | Elf:2    | Received a gift from Okawaru
 56247 | Elf:2    | Reached skill level 16 in Shields
 57055 | Elf:2    | Reached XP level 20. HP: 143/143 MP: 26/26
 57579 | Elf:2    | Reached skill level 17 in Shields
 57650 | Elf:2    | Noticed Jorgrun
 57665 | Elf:2    | Killed Jorgrun
 58111 | Elf:3    | Entered Level 3 of the Elven Halls
 58250 | Elf:3    | Found Joirega's Gadget Shoppe.
 58627 | Elf:3    | Identified the +7 short sword of True Grit {antimagic,
                  | Str+8}
 58627 | Elf:3    | Identified the ring of Wiseyd {+Inv rF+ Str+4 Stlth+}
 58754 | Elf:3    | Noticed a Hell Sentinel
 58767 | Elf:3    | Received a gift from Okawaru
 59345 | Elf:3    | Received a gift from Okawaru
 59658 | Elf:3    | Noticed an Ice Fiend
 59678 | Elf:3    | Reached skill level 18 in Shields
 59923 | Elf:3    | Reached skill level 5 in Short Blades
 59968 | Elf:3    | Identified the ring "Eskiyr Pawa" {rElec MP+9 Str+6}
 59972 | Elf:3    | Received a gift from Okawaru
 60275 | Elf:3    | Reached skill level 19 in Shields
 60282 | Elf:3    | Reached XP level 21. HP: 110/148 MP: 8/27
 60803 | Elf:3    | Learned a level 3 spell: Portal Projectile
 61252 | Lair:1   | Acquired 346 gold pieces
 61359 | Shoals:1 | Entered Level 1 of the Shoals
 61365 | Shoals:1 | Found Hayruz's Book Shoppe.
 63585 | Shoals:3 | Received a gift from Okawaru
 64779 | Shoals:4 | Entered Level 4 of the Shoals
 65453 | Shoals:4 | Received a gift from Okawaru
 65526 | Shoals:4 | Reached skill level 20 in Shields
 65818 | Shoals:4 | Received a gift from Okawaru
 66001 | Shoals:4 | Got a fine leather armour
 66437 | Shoals:4 | Received a gift from Okawaru
 66497 | Shoals:4 | Got a dazzling scimitar
 66502 | Shoals:4 | Identified the +7 scimitar "Wyited" {elec, rN+ Stlth+} (You
                  | found it on level 4 of the Shoals)
 66503 | Shoals:4 | Identified the +1 leather armour of the Pirate {Harm} (You
                  | found it on level 4 of the Shoals)
 66639 | Shoals:4 | Received a gift from Okawaru
 66702 | Shoals:4 | Got a transparent hunting sling {god gift}
 66703 | Shoals:4 | Identified the +4 hunting sling of Desertification {venom,
                  | rF- Str+3 Int+2 Stlth+} (Okawaru gifted it to you on level
                  | 4 of the Shoals)
 67228 | Shoals:4 | Got a barnacled rune of Zot
 67300 | Shoals:4 | HP: 7/148 [merfolk javelineer/silver javelin (22)]
 67300 | Shoals:4 | Hit by a silver javelin thrown by a merfolk javelineer

Illustrated notes

Levels and vault maps discovered:
D:1:      nicolae_arrival_memento_mori, layout_rooms, wad_floor_pattern_1
D:2:      layout_loops_cross, chequers_ecumenical_altar_island,
          hangedman_abyss_or_decor_stabs, uniq_robin
D:3:      cheibrodos_thug_alley, layout_basic, nicolae_overflow_crystal_walls,
          fedhas_ov_isle_minmay
D:4:      cheibrodos_old_hovel, layout_loops_cross, portal_sewer_entry_a,
          hangedman_glass_teeth, minmay_misc_feat_columns, minmay_ruptured,
          uniq_eustachio, uniq_blork_the_orc, uniq_ijyb
D:5:      cheibrodos_helix_gallery, layout_rooms,
          minmay_temple_entry_drinking_statues, serial_shops,
          nicolae_shop_window_shopping, nicolae_shop_trees, shop, uniq_pikel,
          uniq_crazy_yiuf_cottage
D:6:      layout_basic
D:7:      layout_rooms, xom_teletrap_fun, uniq_maggie, uniq_joseph,
          uniq_menkaure
D:8:      layout_loops_ring, grunt_temple_overflow_gold_and_silver,
          erik_lair_orcish_takeover, gammafunk_ghost_nasty_kobolds,
          uniq_gastronok, uniq_harold
D:9:      layout_roguey, david_orc_5, minmay_shop_damaged, minivault_16,
          uniq_psyche, uniq_erica
D:10:     layout_rooms, interstate_on_off
D:11:     layout_irregular_city, serial_bayou, serial_bayou_crossing,
          serial_bayou_lagoon_a, serial_bayou_shore_b, serial_bayou_pond_d,
          serial_bayou_pond_c, chequers_serial_rivers_small_b,
          kennysheep_small_circle
D:12:     layout_loops_corners, serial_shops, shop_statue, kennysheep_mini,
          uniq_nergalle, uniq_frances, uniq_erolcha
D:13:     layout_layer_cave, david_vaults_4, door_vault, uniq_maurice
D:14:     layout_loops_ring, minmay_misc_feat_more_columns,
          gammafunk_ghost_mausoleum, st_stairs_7, hex_tiny
D:15:     grunt_enter_depths_snipers, layout_rooms, palyth_stone_intersect
Temple:   regret_index_temple_mists
Lair:1:   layout_gridlike, basic_altar
Lair:2:   layout_regular_city, guppyfry_snake_entry_island,
          serial_bayou_shore_b, serial_bayou_shore_a
Lair:3:   layout_cave_pods, ebering_ghost_rock_garden
Lair:4:   layout_small_grid, minmay_shoals_entry_centaurs, nzn_ghost_randoct,
          kilobyte_rumbling_trees, grunt_megastairs_2, uniq_nessos
Lair:5:   layout_loops_ring
Lair:6:   gammafunk_lair_ancient_temple, layout_regular_city, slime_altar_1,
          gammafunk_ghost_split, nicolae_quartered_pool_super,
          lookout_lair_type, roderic_batcave
Shoals:1: layout_shoals, serial_shops, shop, nicolae_shoals_cliffside_cave,
          nicolae_shoals_kraken_intersection
Shoals:2: layout_shoals
Shoals:3: layout_shoals, st_sunken_huts
Shoals:4: shoals_end_grunt_ice, layout_shoals
Snake:1:  nicolae_snake_nest, layout_misc_corridors, minmay_shop_grove,
          lemuel_fruit_tree
Snake:2:  layout_onion, ebering_ghost_disaster_area
Snake:3:  layout_gridlike, uniq_roxanne, uniq_agnes
Snake:4:  snake_pit, layout_misc_corridors, serial_shops, shop, serial_bayou,
          serial_bayou_ford_a, serial_bayou_pond_a, serial_bayou_pond_d,
          serial_bayou_lake_a, serial_bayou_pond_d, grunt_ministairs_1,
          nicolae_snake_springs, uniq_bai_suzhen, uniq_vashnia
Orc:1:    layout_caves, serial_shops, nicolae_shop_overgrown_old_shop
Orc:2:    grunt_orc_gardens, layout_caves, grunt_orc_garden, grunt_orc_garden,
          grunt_orc_garden, grunt_orc_garden, uniq_rupert, uniq_donald
Elf:1:    eino_elf_arrival_sip, layout_loops_cross, basic_altar, orc_legates,
          minmay_strange_pillars, hangedman_elven_ridges
Elf:2:    layout_gridlike, portal_ice_cave_entry_ice_statue_two, uniq_jorgrun
Elf:3:    grunt_elf_hall_branching, layout_rooms, serial_shops, shop_fountains

Skill      XL: |  1  2  3  4  5  6  7  8  9 10 11 12 13 14 15 16 17 18 19 20 21 |
---------------+----------------------------------------------------------------+-----
Slings         | 1 2 4 5 6 8 10 12 | 12.0
Fighting       | 2 3 4 5 7 8 9 10 12 13 14 | 14.0
Shields        | 4 7 8 12 16 19 20 | 20.8
Invocations    | 1 3 4 7 9 |  9.0
Armour         | 5 7 9 12 13 15 16 | 16.3
Long Blades    | 3 7 9 11 13 | 13.9
Dodging        | 5 7 9 12 | 12.0
Evocations     | 5 7 9 |  9.0
Short Blades   | 5 |  5.2
Maces & Flails | |  1.0
Stealth        | |  2.1

Action                   |  1- 3 |  4- 6 |  7- 9 | 10-12 | 13-15 | 16-18 | 19-21 || total
-------------------------+-------+-------+-------+-------+-------+-------+-------++-------
Melee: Short sword       |    96 |     8 |   558 |       |       |       |   118 ||   780
       Dagger            |     9 |       |       |       |       |       |       ||     9
       Long sword        |       |    77 |   190 |   177 |       |       |       ||   444
       Scimitar          |       |       |       |   246 |   870 |   977 |   756 ||  2849
 Fire: Hunting sling     |    43 |   145 |   150 |   534 |   822 |  1400 |  1157 ||  4251
Throw: Throwing net      |       |       |     7 |       |       |       |       ||     7
       Stone             |       |       |     1 |       |       |       |       ||     1
       Boomerang         |       |       |    17 |     2 |       |       |       ||    19
       Dart              |       |       |     8 |     1 |       |       |     2 ||    11
Invok: Heroism           |       |       |     2 |    14 |    17 |    23 |    19 ||    75
       Finesse           |       |       |       |     1 |    10 |    12 |    15 ||    38
 Abil: Evoke Flight      |       |       |       |       |     1 |       |       ||     1
Evoke: Wand              |       |       |    33 |     6 |     8 |     8 |    18 ||    73
       Phial of floods   |       |       |       |       |       |     1 |       ||     1
       Phantom mirror    |       |       |       |       |       |     1 |       ||     1
       Tin of tremorston |       |       |       |       |       |       |     5 ||     5
       Lightning rod     |       |       |       |       |       |       |     7 ||     7
       Condenser vane    |       |       |       |       |       |       |     1 ||     1
       Box of beasts     |       |       |       |       |       |       |     1 ||     1
  Use: Scroll            |     1 |    10 |    10 |     6 |    17 |     8 |    20 ||    72
       Potion            |       |       |     5 |       |     3 |       |     3 ||    11
 Stab: Invisible         |       |       |     6 |       |       |       |       ||     6
Armor: Scale mail        |    58 |    64 |   358 |       |       |       |       ||   480
       Swamp dragon scal |       |       |       |    89 |    51 |       |       ||   140
       Gold dragon scale |       |       |       |       |   484 |   602 |   419 ||  1505
Dodge: Dodged            |    76 |    83 |   357 |   270 |   405 |   498 |   452 ||  2141
Block: Buckler           |       |       |   158 |   146 |   352 |   534 |    20 ||  1210
       Kite shield       |       |       |       |       |       |       |   771 ||   771
       Reflection        |       |       |       |       |       |       |   119 ||   119
       Rpst.: Long sword |       |    13 |    58 |    34 |       |       |       ||   105
       Scimitar          |       |       |       |    30 |    91 |   101 |    73 ||   295
